 Dungeon Crawl Stone Soup version 0.26-a0-859-gf57989e088 (webtiles) character file.

Game seed: 10668558805775728215

100 Morbidden the Ruffian (level 4, 0/37 HPs)
             Began as a Draconian Transmuter on Nov 25, 2020.
             Succumbed to an adder's poison
             ... on level 2 of the Dungeon.
             The game lasted 00:02:12 (1657 turns).

Morbidden the Ruffian (Draconian Transmuter)        Turns: 1657, Time: 00:02:12

Health: 0/37       AC:  6    Str: 13    XL:     4   Next: 46%
Magic:  7/7        EV: 12    Int: 14    God:
Gold:   95         SH:  0    Dex: 11    Spells: 6/7 levels left

rFire    . . .     SeeInvis .     - Unarmed
rCold    . . .     Faith    .   (no shield)
rNeg     . . .     Spirit   .   (armour unavailable)
rPois    .         Reflect  .   (helmet restricted)
rElec    .         Harm     .   (no cloak)
rCorr    .         Rampage  .   g - +0 pair of gloves (curse)
MR       .....                  (no boots)
Stlth    +.........             (no amulet)
HPRegen  0.12/turn              (no ring)
MPRegen  0.10/turn              (no ring)

@: lethally poisoned (0 -> -1)
A: unfitting armour, cold-blooded, AC +5
a: no special abilities


You were on level 2 of the Dungeon.
You visited 1 branch of the dungeon, and saw 2 of its levels.

You collected 95 gold pieces.

Inventory:

Missiles
 e - 24 poisoned darts (quivered)
Armour
 g - a cursed +0 pair of gloves (worn)
Scrolls
 a - a scroll of blinking {unknown}
 c - a scroll of teleportation {unknown}
 d - a scroll of enchant armour {unknown}
 f - 3 scrolls of identify {unknown}
Potions
 b - a potion of flight {unknown}
 h - a potion of brilliance {unknown}


   Skills:
 * Level 2.3 Fighting
 * Level 2.3 Dodging
 + Level 0.1 Stealth
 + Level 3.7 Unarmed Combat
 + Level 2.1 Spellcasting
 * Level 3.0 Transmutations


You had 6 spell levels left.
You knew the following spells:

 Your Spells              Type           Power        Failure   Level
a - Beastly Appendage     Tmut           #.....       7%          1

Your spell library contained the following spells:

 Spells                   Type           Power        Failure   Level
 Wereblood                Tmut           #.......     11%         2
 Spider Form              Tmut/Pois      #.........   36%         3
 Ice Form                 Ice/Tmut       #.......     77%         4
 Blade Hands              Tmut           #.........   88%         5


Dungeon Overview and Level Annotations

Branches:
Dungeon (2/15)

Altars:
Fedhas

Annotations:
D:2 Robin


Innate Abilities, Weirdness & Mutations

Your plain brown scales are hard. (AC +5)
You cannot fit into any form of body armour.
You are cold-blooded and may be slowed by cold attacks.


Message History

The goblin misses you.
You closely miss the goblin. You claw the goblin.
You kill the goblin!
Robin throws the goblin at you! The goblin hits you but does no damage.
The goblin hits you.
* * * LOW HITPOINT WARNING * * *
You punch the goblin!
You kill the goblin!
Robin throws the goblin at you! The goblin hits you but does no damage.
Your Transmutations skill increases to level 3!
You barely miss the goblin. Your kick misses the goblin.
Your tail-slap misses the goblin.
The goblin is heavily wounded.
The goblin barely misses you.
You hit the goblin.
You kill the goblin!
Robin hits you with a +0 whip.
* * * LOW HITPOINT WARNING * * *
Your horns disappear.
Your talons disappear.
You die...

#.#####......... #.#
#..#.###.# # ###.
#..#......
#.#####.#.######.#####.#
#.......#...(...........
#.......########..####.#
#####'#g#.........# #.#
#g#.#.#######.## #.#
#.#@#.# #..###'# #g#.#.#
##.##... #.#.#.# #..#...
#g#.#.# ##.#... .
#g#.#.# #...P.
..#####g#.#.# #..P.P
........#.#.# ##.PP_
........#.#.### #.PP.
........#.....## #..P.


You could see Robin.

Vanquished Creatures
  An orc priest (D:2)
  An adder (D:2)
  An ooze (D:1)
  A dart slug (D:1)
  3 leopard geckos
  4 orcs (D:2)
  A ball python (D:2)
  3 giant cockroaches
  11 goblins
  6 hobgoblins
  9 bats
  2 frilled lizards
43 creatures vanquished.

Notes
Turn   | Place    | Note
-------+----------+-------------------------------------------
     0 | D:1      | Morbidden the Draconian Transmuter began the quest for the
                  | Orb.
     0 | D:1      | Reached XP level 1. HP: 16/16 MP: 3/3
   258 | D:1      | Reached XP level 2. HP: 19/23 MP: 3/5
   712 | D:1      | You fall into a shaft and drop 1 floor!
   758 | D:2      | Reached XP level 3. HP: 15/28 MP: 6/6
  1248 | D:2      | Found a blossoming altar of Fedhas.
  1430 | D:2      | Reached XP level 4. HP: 21/37 MP: 5/7
  1586 | D:2      | Noticed Robin
  1656 | D:2      | HP: 1/37 [Robin/+0 whip (6)]
  1657 | D:2      | Succumbed to an adder's poison

Illustrated notes

Levels and vault maps discovered:
D:1:      ncdulo_smallfort, layout_loops_ring
D:2:      cheibrodos_pilgrimage, layout_basic, lemuel_round_altar,
          serial_rivers, chequers_serial_rivers_micro_b,
          chequers_serial_rivers_small_3, chequers_serial_rivers_large_b,
          chequers_serial_rivers_micro_c, fedhas_altar_3, uniq_robin

Skill      XL: |  1  2  3  4 |
---------------+-------------+-----
Dodging        | 2 |  2.3
Fighting       | 2 |  2.3
Transmutations | 3 |  3.0
Stealth        | |  0.1
Unarmed Combat | |  3.7
Spellcasting   | |  2.1

Action                   |  1- 3 |  4- 6 || total
-------------------------+-------+-------++-------
Melee: Unarmed           |   104 |    33 ||   137
       Kick              |    16 |     3 ||    19
       Punch             |     3 |       ||     3
       Tailslap          |     5 |       ||     5
       Headbutt          |     4 |     5 ||     9
 Cast: Beastly Appendage |    15 |     2 ||    17
 Stab: Sleeping          |     1 |       ||     1
Armor: Skin              |    40 |    13 ||    53
Dodge: Dodged            |    81 |    24 ||   105

Table legend: (Time is in decaauts)
 A = Elapsed time spent in this place.
 B = Non-inter-level travel time spent in this place.
 C = Inter-level travel time spent in this place.
 D = Time resting spent in this place.
 E = Time spent auto-exploring this place.
 F = Levels seen in this place.
 G = Mean time per level.
                   A        B        C        D        E       F      G
               +--------+--------+--------+--------+--------+-----+--------+
         Total |   1650 |   1622 |     28 |     67 |   1245 |   2 |  825.0 |
       Dungeon |   1650 |   1622 |     28 |     67 |   1245 |   2 |  825.0 |
               +--------+--------+--------+--------+--------+-----+--------+

Top non-repeatable levels by time:
     D:2: 941 daAuts
     D:1: 709 daAuts
